Khor, neutral female gnomish Ranger ---- |<..-- |.....---- ------- ..|....|. |>...(| --.....---- --....| ......| ---..| |....| --.-. --...... |....... |...{... --...... --....- -...|.--..|...|.. -....|........-- ---.-----..- ..........--... ............|...`... -.---------......... |.|.d((| --.......- |.Gd@((| -...--- --|d(d(| ----- Khor the Lookout Experience level: 5 Strength: 14 Dexterity: 11 Constitution: 15 Intelligence: 13 Wisdom: 14 Charisma: 8 Health: 0(36) Energy: 24(24) Def: 3 Gold: 1900 Moves: 1292 Dungeon seed: fVraQv9e9qOGAHpw Game ID: Khor_1434020493 Your Inventory: Coins $ - 1900 gold pieces Weapons a - an uncursed +1 dagger (weapon in hand) b - an uncursed +2 crossbow (alternate weapon; not wielded) c - 55 uncursed +2 crossbow bolts (in quiver) d - 39 blessed +0 crossbow bolts g - an uncursed +2 aklys k - a blessed +1 orcish dagger N - an uncursed +0 orcish dagger Armor e - an uncursed +2 cloak of displacement (being worn) q - a cursed +0 dwarvish cloak y - a cursed +1 pair of leather gloves Comestibles f - 4 uncursed cram rations Scrolls m - an uncursed scroll of enchant weapon n - an uncursed scroll of blank paper o - a cursed scroll of enchant weapon p - a cursed scroll of confuse monster s - a cursed scroll of identify P - an uncursed scroll of gold detection Potions i - 2 uncursed potions of paralysis j - an uncursed potion of confusion r - a cursed potion of polymorph u - 4 cursed potions of extra healing v - 4 uncursed potions of healing G - an uncursed potion of oil Wands t - an uncursed wand of sleep (0:7) Tools l - an uncursed wooden flute w - a cursed stethoscope Spells known in the end: Name Level Category Fail Memory Your skills at the end: Fighting Skills Weapon Skills dagger [Basic] crossbow [Basic] Spellcasting Skills Final Attributes: You were devoutly aligned. You were telepathic. You had automatic searching. You had infravision. You were displaced. You are dead. Vanquished creatures: a ghost a bugbear an orc shaman a shrieker a red naga hatchling 2 elf zombies a floating eye a homunculus a kobold lord a giant bat a dwarf zombie 2 coyotes 2 hobbits 2 cave spiders a brown mold 2 gnomes 2 geckos 2 foxen 2 goblins 4 sewer rats 2 grid bugs a bat a kobold zombie 4 newts 39 creatures vanquished. Voluntary challenges: You used a wielded weapon 50 times, starting on turn 5. You were illiterate. You never genocided any monsters. You never polymorphed an object. You never changed form. You used no wishes. You never split a pudding. You never wrote Elbereth's name. You never violated your personal moral code. Dungeon overview: The Dungeons of Doom: levels 1 to 2 Level 1 some fountains a long staircase Level 2 stairs to The Gnomish Mines The Gnomish Mines: levels 3 to 7 Level 3 stairs to The Dungeons of Doom Level 4 Level 5 <- You were here a lighting shop, a fountain Level 6 Level 7 History has recorded: On T:1 you entered the Dungeons of Doom to retrieve the Amulet of Yendor! On T:313 you reached level 2 of The Dungeons of Doom. On T:357 you reached level 1 of The Gnomish Mines. On T:364 you advanced to experience level 2. On T:477 you advanced to experience level 3. On T:543 you reached level 2 of The Gnomish Mines. On T:717 you reached level 3 of The Gnomish Mines. On T:972 you reached level 5 of The Gnomish Mines. On T:1007 you advanced to experience level 4. On T:1028 you reached level 4 of The Gnomish Mines. On T:1209 you advanced to experience level 5. Score breakdown: Gold: 1900 (11153 points) Experience: 5 levels (11141 points) Exploration: 7 levels ( 13.73%) (10392 points) Discoveries: 1 item ( 0.33%) ( 1734 points) Valuables value: (no points given unless you survive) Artifact value: 0 ( 0 points) Variety of kills: 24 monsters ( 6.33%) ( 7549 points) Time penalty: 1292 turns ( 0 points) Survival: died (score multiplied by 80%) Total score: 33575 Latest messages: The gnomish wizard casts a spell! The gnomish wizard is suddenly moving faster. You hit the werejackal! The jackal bites! The jackal misses the werejackal. The werejackal bites! You die... Izchak gratefully inherits all your possessions. Final status: Goodbye Khor the Ranger, killed by a werejackal... You died in The Gnomish Mines on dungeon level 5 with 33575 points, and 1900 pieces of gold, after 1292 moves. You were level 5 with a maximum of 36 hit points when you died.